Map: 시뮬레이크럼 - 래더

Players

Bunny - Winner!

  • Race: Terran Terran
  • Spawn Location: 11:00

SortOf

  • Race: Zerg Zerg
  • Spawn Location: 5:00

VOD

Have the link to the VOD?

Description

Time

  • Played on: Jan. 15, 2020, 5:41 a.m.
  • Length: 8:54
Show
View Real Time Build Order
Export as new Build Order

Bunny Terran - Winner!

Build Orders: Reaper Expand 

Get SALT Encoding   

  12  0:00  SCV  
  13  0:13  SCV  
  14  0:17  Supply Depot  
  14  0:25  SCV  
  15  0:38  SCV  
  15  0:39  Barracks  
  16  0:44  Refinery  
  16  0:50  SCV  
  17  1:02  SCV  
  18  1:15  SCV  
  19  1:27  Reaper, Orbital Command  
  20  1:40  Command Center  
  20  1:52  SCV, Supply Depot  
  21  1:59  Marine  
  22  2:04  SCV  
  23  2:12  Factory  
  22  2:18  Marine  
  22  2:22  Bunker  
  23  2:25  Bunker  
  23  2:27  SCV  
  24  2:36  Marine  
  25  2:39  SCV  
  26  2:53  Orbital Command  
  26  2:56  Marine, Factory Tech Lab  
  27  2:59  SCV  
  27  3:01  Refinery  
  28  3:11  SCV  
  29  3:14  Marine  
  29  3:17  Cyclone  
  29  3:19  SCV  
  34  3:29  SCV  
  34  3:32  SCV  
  34  3:33  Marine  
  36  3:37  Starport  
  36  3:41  SCV  
  36  3:44  SCV  
  38  3:53  SCV, Siege Tank  
  42  3:56  SCV  
  43  4:04  Supply Depot  
  43  4:06  SCV  
  43  4:08  SCV  
  45  4:18  SCV  
  45  4:23  Command Center  
  46  4:25  SCV, Viking  
  46  4:27  Supply Depot  
  46  4:29  Barracks Reactor  
  46  4:30  SCV  
  50  4:37  SCV  
  51  4:39  Siege Tank  
  51  4:44  Supply Depot  
  54  4:48  SCV  
  54  4:49  SCV  
  56  4:54  Supply Depot  
  56  5:00  SCV  
  56  5:01  SCV  
  58  5:13  SCV  
  58  5:14  SCV  
  60  5:16  Engineering Bay  
  60  5:17  Engineering Bay  
  60  5:18  Marine, Barracks x2, Stimpack  
  60  5:19  Factory Reactor  
  60  5:20  Starport Reactor  
  61  5:25  SCV, Refinery  
  61  5:26  SCV, Supply Depot, Refinery  
  63  5:36  Orbital Command  
  63  5:37  SCV  
  63  5:38  SCV  
  63  5:40  Marine  
  66  5:47  Terran Infantry Weapons Level 1  
  66  5:53  SCV  
  66  5:54  SCV, Terran Infantry Armor Level 1  
  66  5:55  Barracks  
  68  5:57  Barracks  
  68  5:58  Marine  
  70  6:05  Factory Tech Lab  
  70  6:07  Marine x2  
  70  6:10  Orbital Command  
  71  6:12  Medivac x2  
  71  6:14  SCV  
  71  6:15  SCV  
  77  6:19  Marine x3, Supply Depot x2  
  77  6:25  Marine x2  
  81  6:26  Siege Tank  
  81  6:27  SCV x2  
  87  6:34  Supply Depot  
  87  6:35  Supply Depot  
  87  6:36  SCV  
  87  6:39  SCV  
  90  6:40  SCV  
  90  6:41  Marine x3  
  90  6:43  Marine, Barracks Reactor  
  90  6:45  Barracks Reactor  
  94  6:49  SCV  
  94  6:51  SCV  
  94  6:52  SCV  
  94  6:53  Medivac x2  
  101  7:00  Supply Depot  
  101  7:01  Supply Depot  
  101  7:02  Combat Shield  
  101  7:03  SCV  
  101  7:04  SCV x2  
  104  7:11  Supply Depot, Armory  
  104  7:16  SCV x2  
  104  7:17  SCV  
  104  7:21  Marine  
  104  7:22  Marine x4, Marauder  
  110  7:23  Marine  
  110  7:25  Marine  
  110  7:28  Siege Tank  
  115  7:36  Supply Depot  
  114  7:37  Supply Depot  
  114  7:41  Supply Depot  
  114  7:42  SCV x3, Supply Depot  
  117  7:52  Marine x5, Marauder  
  117  7:53  Marine x3  
  129  8:02  Siege Tank  
  130  8:14  Supply Depot  
  129  8:20  Marine x5  
  129  8:21  Supply Depot  
  130  8:29  Marine  
  130  8:30  Marine x2, Marauder  
Show
View Real Time Build Order
Export as new Build Order

SortOf Zerg 

Build Orders: Pool First 

Get SALT Encoding   

  12  0:00  Drone  
  13  0:09  Drone  
  14  0:26  Spawning Pool  
  13  0:29  Drone  
  14  0:37  Overlord  
  14  0:44  Extractor  
  14  0:45  Drone  
  14  0:55  Drone x2  
  16  1:01  Drone  
  17  1:13  Zergling x2, Roach Warren  
  17  1:23  Zergling x2  
  18  1:39  Hatchery  
  17  1:52  Roach x2  
  21  1:55  Extractor  
  21  2:00  Roach  
  23  2:08  Overlord  
  23  2:27  Drone, Queen  
  23  2:28  Drone  
  27  2:32  Ravager  
  28  2:39  Drone  
  28  2:44  Ravager  
  30  2:50  Overlord  
  29  2:55  Drone  
  30  2:59  Queen  
  30  3:02  Drone  
  33  3:10  Ravager  
  33  3:11  Drone  
  33  3:12  Drone  
  36  3:13  Drone  
  37  3:29  Drone x2  
  37  3:32  Queen  
  41  3:35  Overlord  
  41  3:39  Drone  
  42  3:42  Drone  
  42  3:46  Overlord  
  43  3:52  Metabolic Boost  
  42  4:04  Roach  
  42  4:06  Drone x2  
  46  4:15  Drone x5  
  51  4:25  Drone  
  51  4:26  Hatchery  
  51  4:29  Drone  
  53  4:31  Drone x2  
  53  4:36  Queen  
  56  4:40  Drone x2  
  58  4:46  Lair  
  58  4:50  Drone  
  59  4:53  Spore Crawler  
  59  4:55  Extractor  
  59  4:56  Overlord  
  57  5:01  Drone x2  
  57  5:03  Overlord  
  57  5:06  Overlord  
  59  5:18  Overlord  
  59  5:21  Queen  
  59  5:23  Zergling x2  
  59  5:24  Drone  
  59  5:25  Drone x6  
  59  5:28  Drone  
  70  5:31  Evolution Chamber  
  70  5:34  Drone, Evolution Chamber  
  69  5:38  Queen  
  69  5:39  Drone  
  72  5:45  Overseer  
  72  5:47  Overlord  
  72  5:49  Drone x3  
  75  5:52  Drone x2  
  75  5:53  Drone  
  75  5:55  Glial Reconstitution  
  79  6:00  Zerg Ground Armor Level 1  
  79  6:01  Overlord  
  79  6:05  Extractor  
  79  6:06  Drone x3  
  79  6:07  Drone  
  82  6:22  Roach x6  
  82  6:23  Extractor  
  82  6:24  Overlord x2  
  93  6:29  Drone x4  
  93  6:31  Extractor  
  93  6:32  Extractor  
  95  6:34  Roach  
  95  6:35  Overlord  
  95  6:38  Overlord  
  97  6:40  Overlord  
  97  6:43  Roach  
  97  6:44  Roach  
  101  6:52  Roach x5  
  111  6:57  Roach  
  111  6:58  Roach, Overlord  
  111  7:00  Overlord  
  115  7:05  Roach x4  
  115  7:08  Overlord  
  123  7:12  Roach x2  
  127  7:18  Overlord  
  127  7:20  Roach x3  
  133  7:26  Roach x3  
  139  7:31  Zergling x4  
  139  7:32  Zergling x6  
  144  7:38  Zergling x4  
  146  7:46  Zergling x6  
  146  7:48  Overlord  
  149  7:52  Ravager x7  
  149  7:53  Zergling x12  
  149  7:56  Overseer  
  162  8:07  Zergling x6  
  162  8:08  Zergling x8  
  136  8:31  Zergling x8  
Tags
 
Add a new tag
Caveats
  • Supply blocks, unpowered buildings, or Contaminate may cause inaccurate times.
  • Supply counts are checked every 10 seconds.